 Dungeon Crawl Stone Soup version 0.24.0-35-gdb84b6a5db (webtiles) character file.

Game seed: 13282295331804992080, levelgen mode: deterministic

857 DildoBatman the Conjurer (level 8, -1/52 HPs)
             Began as a Formicid Wizard on Nov 20, 2019.
             Slain by an orc
             ... wielding a +0 flail
              (3 damage)
             ... on level 6 of the Dungeon.
             The game lasted 00:15:21 (5955 turns).

DildoBatman the Conjurer (Formicid Wizard)          Turns: 5955, Time: 00:15:22

Health: -1/52      AC:  5    Str: 13    XL:     8   Next: 22%
Magic:  7/12       EV: 12    Int: 19    God:
Gold:   143        SH:  0    Dex:  9    Spells: 6/13 levels left

rFire    . . .     SeeInvis +   a - +1 mace (drain)
rCold    . . .     Gourm    .   (no shield)
rNeg     . . .     Faith    .   x - +0 robe
rPois    .         Spirit   .   (helmet unavailable)
rElec    .         Reflect  .   (no cloak)
rCorr    .         Harm     .   (no gloves)
MR       .....                  (no boots)
Stlth    ++........             (no amulet)
HPRegen  0.17/turn              n - +3 ring of protection
MPRegen  0.13/turn              u - ring of wizardry

@: no status effects
A: permanent stasis, dig shafts and tunnels, four strong arms, antennae 3
a: Dig, Shaft Self


You were on level 6 of the Dungeon.
You were very hungry.

You visited 1 branch of the dungeon, and saw 6 of its levels.

You collected 143 gold pieces.

Inventory:

Hand Weapons
 a - a +1 mace of draining (weapon)
 b - a +0 hunting sling
 t - a +0 hand axe of chopping
Missiles
 i - 11 arrows
 k - 2 boomerangs
 l - 5 bolts
 q - 159 stones (quivered)
 y - 2 throwing nets
Armour
 x - a +0 robe (worn)
Jewellery
 n - a +3 ring of protection (left hand)
 r - an uncursed ring of flight
 u - a ring of wizardry (right hand)
Wands
 c - a wand of enslavement (3)
Scrolls
 g - a scroll of enchant armour
 h - 3 scrolls of enchant weapon
 o - a scroll of remove curse
 w - a scroll of magic mapping
Potions
 d - a potion of mutation {unknown}
 e - 3 potions of curing {unknown}
 f - a potion of invisibility {unknown}
 j - 2 potions of heal wounds {unknown}
 m - a potion of resistance {unknown}
 p - a potion of degeneration {unknown}
 s - a potion of flight {unknown}
Comestibles
 v - 10 rations


   Skills:
 - Level 1.7 Dodging
 - Level 2.4 Stealth
 - Level 3.2 Spellcasting
 - Level 6.0 Conjurations
   Level 1.0 Summonings
   Level 0.8 Translocations
 * Level 3.8 Fire Magic
 * Level 3.1 Air Magic


You had 6 spell levels left.
You knew the following spells:

 Your Spells              Type           Power        Failure   Level  Hunger
a - Conjure Flame         Conj/Fire      ###.....     2%          3    ###....
c - Magic Dart            Conj           ####         1%          1    None
e - Mephitic Cloud        Conj/Pois/Air  ##......     5%          3    ###....

Your spell library contained the following spells:

 Spells                   Type           Power        Failure   Level  Hunger
 Call Imp                 Summ           #.......     6%          2    ##.....
 Slow                     Hex            #.......     9%          2    ##.....
 Blink                    Tloc           Unusable     N/A         2    N/A

Dungeon Overview and Level Annotations

Branches:
Dungeon (7/15)
 Temple: D:4-7

Altars:
Cheibriados
Gozag
Makhleb
Qazlal

Annotations:
D:4 Blork the orc
D:7 Harold


Innate Abilities, Weirdness & Mutations

You cannot be hasted, slowed, berserked, paralysed or teleported.
You can dig through walls and to a lower floor.
Your four strong arms can wield two-handed weapons with a shield.
You have a pair of large antennae on your head. (SInv)


Message History

Aiming: Magic Dart (safe; 1% risk of failure)
Press: ? - help, Shift-Dir - straight line, f - orc
Aim: an orc, wielding a +0 short sword The magic dart hits the orc.
The orc is lightly wounded.
You hit the orc.
You kill the orc!
An orc comes into view. It is wielding a +0 short sword. x2
The orc shouts! x2
Things that are here:
a +0 short sword a bullfrog corpse You closely miss the orc.
The orc hits you with a +0 flail.
An orc comes into view. It is wielding a +0 flail.
The orc misses you.
You closely miss the orc. The orc hits you with a +0 short sword.
The orc hits you with a +0 flail.
You die...

#.. ...... { .
.... .. ... {
... ##..
...##..####
.........##.###
#.o)........
##@oo.o..#..
#.######....
### ... . {


You could see 4 orcs.

Vanquished Creatures
  An ogre (D:7)
  2 bullfrogs
  2 scorpions
  A water moccasin skeleton (D:4)
  A crimson imp (D:7)
  A hound (D:3)
  2 orc priests (D:4)
  An iguana (D:4)
  2 orc wizards
  A worker ant (D:6)
  10 adders
  3 oozes
  An adder skeleton (D:4)
  7 worms
  2 dart slugs (D:2)
  6 leopard geckos
  15 orcs
  4 giant cockroaches
  6 goblins
  7 hobgoblins
  15 jackals
  7 kobolds
  6 quokkas
  2 ball pythons
  9 bats
  8 frilled lizards
  12 rats
134 creatures vanquished.

Notes
Turn   | Place    | Note
-------+----------+-------------------------------------------
     0 | D:1      | DildoBatman the Formicid Wizard began the quest for the
                  | Orb.
     0 | D:1      | Reached XP level 1. HP: 13/13 MP: 4/4
    12 | D:1      | Reached skill level 1 in Conjurations
   143 | D:1      | Reached XP level 2. HP: 19/19 MP: 0/6
   365 | D:1      | Reached skill level 2 in Conjurations
   863 | D:1      | Reached XP level 3. HP: 24/24 MP: 3/7
   868 | D:1      | Learned a level 3 spell: Conjure Flame
   872 | D:1      | Learned a level 3 spell: Mephitic Cloud
  1541 | D:2      | Reached skill level 3 in Conjurations
  1638 | D:2      | Reached XP level 4. HP: 30/30 MP: 2/8
  2750 | D:2      | Reached skill level 4 in Conjurations
  2750 | D:2      | Reached XP level 5. HP: 35/35 MP: 5/9
  3754 | D:3      | Found a faded altar of an unknown god.
  3821 | D:3      | Reached skill level 5 in Conjurations
  3821 | D:3      | Reached XP level 6. HP: 41/41 MP: 8/10
  3893 | D:3      | Found a burning altar of Makhleb.
  4164 | D:3      | Found a stormy altar of Qazlal.
  4279 | D:3      | Found an opulent altar of Gozag.
  4279 | D:3      | Found a snail-covered altar of Cheibriados.
  4944 | D:4      | Reached skill level 6 in Conjurations
  4945 | D:4      | Reached XP level 7. HP: 45/46 MP: 7/11
  4954 | D:4      | Reached skill level 1 in Fire Magic
  5053 | D:4      | Reached skill level 1 in Air Magic
  5390 | D:4      | Noticed Blork the orc
  5418 | D:4      | You fall into a shaft and drop 3 floors!
  5766 | D:7      | Noticed Harold
  5789 | D:7      | Reached XP level 8. HP: 43/52 MP: 4/12
  5955 | D:6      | HP: 2/52 [orc/+0 short sword (3)]
  5955 | D:6      | Slain by an orc

Levels and vault maps discovered:
D:1:      dpeg_arrival_orchard, layout_basic, minmay_tripent
D:2:      minmay_diamond_boxcup, layout_basic
D:3:      layout_loops_ring, lemuel_round_altar, makhleb_blood_cavern_becter,
          gammafunk_temple_overflow_wave,
          chequers_ecumenical_altar_simple_redux, first_ration
D:4:      layout_loops_ring, chequers_jeans, uniq_blork_the_orc
D:6:      layout_rooms, minmay_temple_entry_grid, basic_altar,
          kennysheep_decorative_pillar
D:7:      layout_rooms, grunt_ogre_cave, uniq_harold

Skill      XL: |  1  2  3  4  5  6  7  8 |
---------------+-------------------------+-----
Conjurations   | 1 2 3 4 5 6 |  6.0
Fire Magic     | 3 |  3.8
Air Magic      | 2 3 |  3.1
Dodging        | |  1.7
Stealth        | |  2.4
Spellcasting   | |  3.2
Summonings     | |  1.0
Translocations | |  0.8

Action                   |  1- 3 |  4- 6 |  7- 9 || total
-------------------------+-------+-------+-------++-------
Melee: Club              |     9 |       |       ||     9
       Short sword       |     4 |     6 |       ||    10
       Mace              |       |    17 |    93 ||   110
 Fire: Hunting sling     |       |   109 |    38 ||   147
Throw: Stone             |     7 |       |       ||     7
 Cast: Magic Dart        |    88 |   144 |    28 ||   260
       Mephitic Cloud    |       |     4 |     5 ||     9
       Conjure Flame     |       |     3 |     3 ||     6
 Abil: Dig               |       |     5 |     3 ||     8
  Use: Scroll            |       |     6 |     1 ||     7
  Eat: Chunk             |     2 |    10 |     5 ||    17
Armor: Robe              |     4 |    13 |    39 ||    56
Dodge: Dodged            |    14 |    47 |   113 ||   174
